 Dungeon Crawl Stone Soup version 0.29.0-4-gdea44cf6ec (webtiles) character file.

Game seed: 6233762418496660562

464 qw the Cleaver (level 6, -2/52 HPs)
             Began as a Minotaur Fighter on Sept 5, 2022.
             Was an Initiate of Ru.
             Slain by Duvessa
             ... wielding a +0 short sword
              (4 damage)
             ... on level 5 of the Dungeon.
             The game lasted 00:01:34 (3897 turns).

qw the Cleaver (Minotaur Fighter)                   Turns: 3897, Time: 00:01:34

Health: -2/52      AC:  9    Str: 29    XL:     6   Next: 80%
Magic:  5/5        EV:  8    Int:  5    God:    Ru [......]
Gold:   203        SH:  4    Dex:  9    Spells: 5/5 levels left

rFire   + . .      SeeInvis .   Y - +1 war axe
rCold   . . .      Faith    .   c - +0 buckler
rNeg    . . .      Spirit   .   i - +0 chain mail
rPois   .          Reflect  .   (helmet restricted)
rElec   .          Harm     .   (no cloak)
rCorr   .          Rampage  .   (no gloves)
Will    .....                   (no boots)
Stlth   ..........              (no amulet)
HPRegen 0.17/turn               l - +6 ring of strength
MPRegen 0.09/turn               n - ring of protection from fire

@: no status effects
A: horns 2, retaliatory headbutt
a: Renounce Religion


You were on level 5 of the Dungeon.
You worshipped Ru.
Ru was noncommittal.
You visited 1 branch of the dungeon, and saw 5 of its levels.

You collected 203 gold pieces.


Innate Abilities, Weirdness & Mutations

You have a pair of horns on your head.
You reflexively headbutt those who attack you in melee.


   Skills:
 - Level 4.0 Fighting
 + Level 8.6 Axes
 - Level 3.6 Armour
 - Level 1.0 Dodging
 - Level 3.6 Shields


You had 5 spell levels left.
You didn't know any spells.
Your spell library was empty.

Inventory:

Hand Weapons
 m - a +0 flail
 Y - a +1 war axe (weapon)
Armour
 c - a +0 buckler (worn)
 i - a +0 chain mail (worn)
Jewellery
 l - a +6 ring of strength (left hand)
 n - a ring of protection from fire (right hand)
 o - a ring of ice
Scrolls
 a - 2 scrolls of identify
Potions
 b - a potion of resistance
 d - 2 potions of might
 e - a potion of magic {unknown}
 f - 3 potions of curing
 g - a potion of brilliance {unknown}
 h - a potion of flight {unknown}
 j - a potion of cancellation {unknown}
 p - a potion of attraction {unknown}

Dungeon Overview and Level Annotations

Branches:
Dungeon (5/15)
 Temple: D:4-7

Altars:
Cheibriados
Hepliaklqana
Qazlal
Ru
Wu Jian

Shops:
D:1 [

Annotations:
D:4 1 runed translucent door, Crazy Yiuf
D:5 1 runed translucent door, Duvessa


Message History

3888 ||| FLEEEEING.
The orc wizard shouts!
You closely miss Duvessa. Duvessa closely misses you. You furiously retaliate!
You headbutt Duvessa, but do no damage. Duvessa hits you with a +0 short sword.
The orc wizard mumbles some strange words.
The orc wizard flickers and vanishes!
Deactivating autopickup; reactivate with Ctrl-A.
You hit Duvessa but do no damage.
Duvessa hits you with a +0 short sword. x2
You slash Duvessa! You headbutt Duvessa, but do no damage.
Duvessa is lightly wounded.
You slash something! You block Duvessa's attack.
Something hits you but does no damage.
A scorpion comes into view.
You closely miss Duvessa.
Duvessa is lightly wounded.
You hit something but do no damage. Duvessa hits you but does no damage.
Something hits you but does no damage. Duvessa hits you with a +0 short sword.
You slash Duvessa! You headbutt Duvessa.
Duvessa is heavily wounded.
You miss something. Duvessa barely misses you. You furiously retaliate!
You headbutt Duvessa, but do no damage. Something hits you but does no damage.
Duvessa barely misses you. You furiously retaliate!
You headbutt Duvessa! You hit Duvessa but do no damage.
You headbutt Duvessa, but do no damage.
Duvessa is heavily wounded.
You miss something. Something completely misses you.
You block Duvessa's attack.
You slash Duvessa!
Duvessa is severely wounded.
You miss something. Duvessa hits you with a +0 short sword!
Something hits you but does no damage. Duvessa hits you with a +0 short sword.
Something hits you but does no damage.
You hit Duvessa but do no damage. You headbutt Duvessa.
Duvessa is almost dead.
You barely miss something. Duvessa hits you with a +0 short sword.
You die...

#. #... #..#...
##. #..#... ...#
#...... #...#
#...... #... .
.......##..#
............#
.....####)..##
........e@.)...#
..............##
....#####s....###.
#..# ##.#.....# #
.. ###.....#.# #.
##.....###
#.###...#..#
#...#####.###
##.### ....


You could see Duvessa (berserk) and a scorpion.

Vanquished Creatures
  A phantom (D:4)
  A scorpion (D:4)
  Dowan (D:5)
  2 hounds
  Ijyb (D:4)
  Terence (D:2)
  6 adders
  An ufetubus (D:4)
  A worm (D:2)
  A dart slug (D:3)
  9 orcs
  10 ball pythons
  5 bats
  9 endoplasms
  5 giant cockroaches
  13 goblins
  6 hobgoblins
  3 jackals (D:2)
  9 kobolds
  5 quokkas
  2 frilled lizards (D:1)
  4 rats
96 creatures vanquished.

Notes
Turn   | Place    | Note
-------+----------+-------------------------------------------
     0 | D:1      | qw the Minotaur Fighter began the quest for the Orb.
     0 | D:1      | Reached XP level 1. HP: 19/19 MP: 0/0
     0 | D:1      | 0 ||| qw: Version: 0.1-a-104-g96f76f8
     0 | D:1      | 0 ||| qw: Game counter: 5845
     0 | D:1      | 0 ||| qw: Always use a shield: true
     0 | D:1      | 0 ||| qw: God list: Ru
     0 | D:1      | 0 ||| qw: Allow faded altars: false
     0 | D:1      | 0 ||| qw: Do Orc after D:15 true
     0 | D:1      | 0 ||| qw: Do second Lair branch before Depths: true
     0 | D:1      | 0 ||| qw: Lair rune preference: random
     0 | D:1      | 0 ||| qw: Plans: Normal
     0 | D:1      | 0 ||| PLANNING D:1-11
    39 | D:1      | Reached skill level 3 in Axes
    43 | D:1      | HP: 3/19 [frozen (3)]
    45 | D:1      | Reached XP level 2. HP: 5/26 MP: 1/1
   305 | D:1      | 305 ||| Stepping ~*~*~tactically~*~*~ (stealth).
   309 | D:1      | 309 ||| Stepping ~*~*~tactically~*~*~ (stealth).
   500 | D:1      | Reached skill level 4 in Axes
   611 | D:1      | Reached XP level 3. HP: 31/31 MP: 2/2
   621 | D:1      | Found Gaonimet's Antique Armour Boutique.
   627 | D:1      | 627 ||| SHOPLISTING black opal-studded ring mail (198 gold,
                  | have 52).
   627 | D:1      | 627 ||| SHOPLISTING cloak (99 gold, have 52).
   627 | D:1      | 627 ||| SHOPLISTING dazzling chain mail (209 gold, have
                  | 52).
   627 | D:1      | 627 ||| SHOPLISTING glowing cloak (165 gold, have 52).
   794 | D:1      | 794 ||| UPGRADING to +0 chain mail.
   804 | D:1      | 804 ||| DROPPING +0 scale mail.
   805 | D:1      | 805 ||| UPGRADING to +6 ring of strength.
   806 | D:1      | 806 ||| UPGRADING to ring of protection from fire.
   807 | D:1      | 807 ||| READING 2 scrolls labelled ITOUPH CEREW.
   808 | D:1      | 808 ||| READING scroll labelled YLITUZ MABU.
   809 | D:1      | 809 ||| READING scroll labelled SOMUDGH RAJUNN.
   810 | D:1      | 810 ||| READING scroll labelled WOON CYOT EMI.
   811 | D:1      | 811 ||| READING scroll labelled RUORAOQUI LASOX.
   812 | D:1      | 812 ||| READING scroll labelled FET OTOCREL.
   829 | D:2      | Found a faded altar of an unknown god.
   874 | D:2      | 874 ||| STAIRDANCE
  1027 | D:2      | Noticed Terence
  1035 | D:2      | Killed Terence
  1036 | D:2      | Reached skill level 5 in Axes
  1148 | D:2      | Reached XP level 4. HP: 39/39 MP: 3/3
  1182 | D:2      | Reached skill level 1 in Dodging
  1659 | D:2      | 1659 ||| READING scroll labelled IJAAPL GICLO.
  1660 | D:2      | 1660 ||| READING scroll labelled YHUIGOEFUO.
  1661 | D:2      | 1661 ||| READING scroll labelled YFOADE VIEHUTI.
  1662 | D:2      | 1662 ||| DRINKING 2 yellow potions.
  1767 | D:2      | 1767 ||| DROPPING potion of berserk rage.
  2030 | D:3      | 2030 ||| Stepping ~*~*~tactically~*~*~ (hiding).
  2204 | D:3      | 2204 ||| Stepping ~*~*~tactically~*~*~ (stealth).
  2285 | D:3      | Reached skill level 6 in Axes
  2610 | D:3      | 2610 ||| READING scroll labelled SIPSIVVUSOGH.
  2611 | D:3      | 2611 ||| READING 2 scrolls of identify.
  2611 | D:3      | 2611 ||| IDENTIFYING coppery potion
  2636 | D:4      | Noticed a phantom
  2646 | D:4      | Killed a phantom
  2647 | D:4      | Reached XP level 5. HP: 42/45 MP: 4/4
  2671 | D:4      | Found a sacrificial altar of Ru.
  2686 | D:4      | Became a worshipper of Ru the Awakened
  2725 | D:4      | Reached skill level 7 in Axes
  2789 | D:4      | 2789 ||| DROPPING +0 whip.
  2838 | D:4      | 2838 ||| Stepping ~*~*~tactically~*~*~ (stealth).
  2840 | D:4      | 2840 ||| Stepping ~*~*~tactically~*~*~ (stealth).
  2863 | D:4      | Found an ornate altar of the Wu Jian Council.
  2907 | D:4      | 2907 ||| Stepping ~*~*~tactically~*~*~ (stealth).
  2923 | D:4      | 2923 ||| Stepping ~*~*~tactically~*~*~ (stealth).
  2926 | D:4      | Reached XP level 6. HP: 52/52 MP: 5/5
  2938 | D:4      | 2938 ||| Stepping ~*~*~tactically~*~*~ (stealth).
  3069 | D:4      | 3069 ||| Stepping ~*~*~tactically~*~*~ (stealth).
  3071 | D:4      | 3071 ||| Stepping ~*~*~tactically~*~*~ (stealth).
  3074 | D:4      | Noticed Ijyb
  3087 | D:4      | Killed Ijyb
  3088 | D:4      | Reached skill level 8 in Axes
  3293 | D:4      | Found a stormy altar of Qazlal.
  3295 | D:4      | Found a snail-covered altar of Cheibriados.
  3296 | D:4      | Found a hazy altar of Hepliaklqana.
  3370 | D:4      | Found a runed translucent door.
  3371 | D:4      | Noticed Crazy Yiuf
  3527 | D:4      | 3527 ||| READING scroll labelled DATWEUDARI.
  3528 | D:4      | 3528 ||| DRINKING 4 emerald potions.
  3576 | D:5      | Entered Level 5 of the Dungeon
  3693 | D:5      | Found a runed translucent door.
  3722 | D:5      | 3722 ||| Stepping ~*~*~tactically~*~*~ (stealth).
  3745 | D:5      | 3745 ||| Stepping ~*~*~tactically~*~*~ (stealth).
  3857 | D:5      | Noticed Dowan
  3858 | D:5      | 3858 ||| Stepping ~*~*~tactically~*~*~ (hiding).
  3872 | D:5      | Killed Dowan
  3887 | D:5      | 3887 ||| Stepping ~*~*~tactically~*~*~ (stealth).
  3887 | D:5      | Noticed Duvessa
  3888 | D:5      | 3888 ||| FLEEEEING.
  3896 | D:5      | HP: 6/52 [Duvessa/+0 short sword (9)]
  3896 | D:5      | HP: 2/52 [Duvessa/+0 short sword (4)]
  3897 | D:5      | Slain by Duvessa

Levels and vault maps discovered:
D:1:      spicycebolla_green_bress_n_ham, layout_rooms, serial_shops, shop,
          minmay_vboxes
D:2:      layout_loops_cross, nicolae_ecumenical_oubliette, grunt_ministairs_1,
          minmay_crystal_room, uniq_terence
D:3:      layout_loops_ring
D:4:      layout_rooms, nzn_wu_jian_contemplation, minitemple,
          nicolae_ru_great_annihilating_truth, kennysheep_generic_room_7,
          uniq_crazy_yiuf_cottage, uniq_ijyb
D:5:      layout_layer_cave, minmay_temple_entry_junction,
          ebering_ghost_reflecting_pool, kennysheep_generic_room_13,
          uniq_duvessa

Skill      XL: |  1  2  3  4  5  6 |
---------------+-------------------+-----
Axes           | 3 4 5 6 7 8 |  8.6
Dodging        | 1 |  1.0
Fighting       | 4 |  4.0
Armour         | |  3.6
Shields        | |  3.6

Action                   |  1- 3 |  4- 6 || total
-------------------------+-------+-------++-------
Melee: War axe           |    55 |   144 ||   199
       Headbutt          |     7 |    22 ||    29
  Use: Scroll            |     6 |     6 ||    12
       Potion            |       |     2 ||     2
 Stab: Paralysed         |       |     1 ||     1
Armor: Scale mail        |     8 |       ||     8
       Chain mail        |     6 |    42 ||    48
Dodge: Dodged            |    22 |    42 ||    64
Block: Buckler           |    10 |    28 ||    38

Table legend:
 A = Non-vault XP
 B = Vault XP
 C = Vault XP percentage of total XP
 D = Non-vault monster count
 E = Vault monster count
 F = Vault count percentage of total count
                 A         B        C        D         E       F
            +---------+---------+-------+---------+---------+-------
      Total |     493 |     170 |  25.6 |      77 |      19 |  19.8
            +---------+---------+-------+---------+---------+-------
        D:1 |      32 |      13 |  28.9 |      19 |       7 |  26.9
        D:2 |      43 |      40 |  48.2 |      16 |       3 |  15.8
        D:3 |      53 |       0 |   0.0 |      15 |       0 |   0.0
        D:4 |     301 |      48 |  13.8 |      22 |       8 |  26.7
        D:5 |      64 |      69 |  51.9 |       5 |       1 |  16.7
            +---------+---------+-------+---------+---------+-------
